cohdb
Replays
Latest Replays
All Replays
Popular Replays
Top Player Replays
Match Explorer
How It Works
Community
CoH3 Stats
Reddit
Sign in to upload your games and track your stats! →
Sign in with Steam
Match 45108204
Unlisted
Match 45108204
Overview
Messages
Build Orders
End
Kettenkrad Recon Vehicle
Construct Infanterie Kompanie
Selects Mechanized Battlegroup
MG 42 Machine Gun Team
Grenadier Squad
GrW 34 Mortar Team
Construct Panzergrenadier Kompanie
Panzergrenadier Squad
251 Medium Carrier
Pak 40 Anti-tank Gun Team
Forward Retreat Point
Selects Spotting Scopes
251 Medium Carrier
Selects Wespe Self-propelled Artillery
Wespe Self-propelled Artillery
Wespe Self-propelled Artillery
Pak 40 Anti-tank Gun Team
Construct Panzer Kompanie
Selects Raid Package
Selects 8 Rad Armored Car
Selects UNKNOWN (2160084)
Panther Heavy Tank
MG 42 Bunker
Selects Zeroing Artillery Barrage
AI Takeover
IPaDDi ツ
BAROSZ
ForDick von LorDickus
Nero
CoS | MataPersonas
tuiz
FriendlyBacon
hononi
0
0
Comments
sign in to comment!
No comments posted yet!